 Dungeon Crawl Stone Soup version 0.22-a0-542-gce4f928 (webtiles) character file.

1946 vierth the Cleaver (level 8, -1/73 HPs)
             Began as a Minotaur Fighter on June 24, 2018.
             Was a Follower of Trog.
             Slain by Verendum's ghost (20 damage)
             ... on level 6 of the Dungeon.
             The game lasted 00:13:25 (6371 turns).

vierth the Cleaver (Minotaur Fighter)               Turns: 6371, Time: 00:13:25

Health: -1/73      AC: 14    Str: 23    XL:     8   Next: 98%
Magic:  7/7        EV:  6    Int:  5    God:    Trog [*.....]
Gold:   218        SH: 11    Dex: 10    Spells: 7/7 levels left

rFire    . . .     SeeInvis .   a - +1 war axe
rCold    . . .     Gourm    .   c - +0 shield
rNeg     . . .     Faith    .   B - +0 chain mail {MR+}
rPois    .         Spirit   .   b - +0 hat
rElec    .         Reflect  .   k - +0 cloak
rCorr    .         Harm     .   y - +0 pair of gloves
MR       +....                  x - +0 pair of boots
Stlth    ..........             (no amulet)
HPRegen  0.22/turn              (no ring)
MPRegen  0.10/turn              (no ring)

@: no status effects
A: retaliatory headbutt, horns 2
a: Berserk, Renounce Religion


You were on level 6 of the Dungeon.
You worshipped Trog.
Trog was aware of your devotion.
You were hungry.

You visited 1 branch of the dungeon, and saw 6 of its levels.
You also visited: Sewer.

You collected 218 gold pieces.

Inventory:

Hand Weapons
 a - a +1 war axe (weapon)
 i - a +0 mace
Armour
 b - a +0 hat (worn)
 c - a +0 shield (worn)
 k - a +0 cloak (worn)
 x - a +0 pair of boots (worn)
 y - a +0 pair of gloves (worn)
 B - a +0 chain mail of magic resistance (worn)
Jewellery
 g - a +3 ring of dexterity
Wands
 A - a wand of paralysis (11)
Scrolls
 e - 5 scrolls of teleportation
 j - a scroll of noise {unknown}
 m - 7 scrolls of identify
 n - a scroll of magic mapping
 r - 2 scrolls of fear {unknown}
 s - 2 scrolls of amnesia {unknown}
 v - 3 scrolls of remove curse
 z - a scroll of fog {unknown}
Potions
 d - a potion of might
 h - 4 potions of haste {unknown}
 l - 4 potions of curing {unknown}
 o - a potion of ambrosia {unknown}
 q - 2 potions of mutation {unknown}
 t - a potion of degeneration {unknown}
 u - a potion of resistance {unknown}
 w - a potion of flight {unknown}
Comestibles
 f - 12 rations


   Skills:
 + Level 7.2 Fighting
 * Level 9.1 Axes
 + Level 7.3 Armour
 + Level 7.3 Shields


You had 7 spell levels left.
You didn't know any spells.
Your spell library contained the following spells:

 Spells                   Type           Power        Failure   Level  Hunger
 Apportation              Tloc           #.....       100%        1    ##.....
 Summon Small Mammal      Summ           #...         100%        1    ##.....
 Animate Skeleton         Necr           N/A          100%        1    ##.....
 Confusing Touch          Hex            #.....       100%        1    ##.....


Dungeon Overview and Level Annotations

Branches:
Dungeon (6/15)
 Temple: D:4-7

Altars:
Dithmenos
Fedhas
Gozag
Nemelex Xobeh
Qazlal
Trog
Uskayaw
Wu Jian
Xom
The Shining One

Annotations:
D:6 Verendum's ghost, novice FoFi


Innate Abilities, Weirdness & Mutations

You reflexively headbutt those who attack you in melee.
You have a pair of horns on your head.


Message History

Verendum's ghost is heavily damaged.
You block Verendum's ghost's attack. Verendum's ghost hits you!
You are too injured to fight recklessly!
You are too injured to fight recklessly!
You are too injured to fight recklessly!
You are too injured to fight recklessly!
You are too injured to fight recklessly!
You are too injured to fight recklessly!
You hit Verendum's ghost. You headbutt Verendum's ghost.
Verendum's ghost is heavily damaged.
You are feeling hungry.
Verendum's ghost hits you!
* * * LOW HITPOINT WARNING * * *
Your shield and chain mail prevent you from hitting Verendum's ghost.
Verendum's ghost is heavily damaged.
You block Verendum's ghost's attack.
You closely miss Verendum's ghost.
Verendum's ghost is heavily damaged.
Verendum's ghost hits you!!
You die...

......##
##..........#.#
.......#
#..........#.##
.......##
##........###.#
........#
#.......## #.##
........##
##.....## ##.## #
.........# ##...##
#..# # .........#
#..##### ##.## ##
.........##
##..#..# #..## ##.
#.........#
#.@W?8# ##..###..
##........#
##.#$.# ##........
##.....(.##
#########..##.....
##.......#
##..#####.... #
##......# ##..##
#.... # ###....#
##..## #.... ##
##...## ##..##
##... .## ##...#
##.### #... ..#
#...#####.## #[..


You could see Verendum's ghost.

Vanquished Creatures
  Sigmund (D:4)
  4 ogres
  6 big kobolds (Sewer)
  A scorpion (D:6)
  A howler monkey (D:6)
  2 crimson imps
  4 orc priests
  2 hounds
  2 iguanas (D:5)
  6 worker ants
  4 orc wizards
  3 gnolls (D:6)
  14 adders
  2 river rats (Sewer)
  9 oozes
  An adder skeleton (D:4)
  7 worms
  7 dart slugs
  7 leopard geckos
  22 orcs
  6 ball pythons
  6 giant cockroaches
  5 goblins
  11 hobgoblins
  6 jackals (D:2)
  3 quokkas
  11 bats
  8 frilled lizards
  10 kobolds
  7 rats
178 creatures vanquished.

Vanquished Creatures (others)
  2 withered plants (D:6)
2 creatures vanquished.

Grand Total: 180 creatures vanquished

Notes
Turn   | Place    | Note
-------+----------+-------------------------------------------
     0 | D:1      | vierth the Minotaur Fighter began the quest for the Orb.
     0 | D:1      | Reached XP level 1. HP: 19/19 MP: 0/0
    42 | D:1      | Reached XP level 2. HP: 7/27 MP: 1/1
   439 | D:1      | Reached XP level 3. HP: 33/33 MP: 2/2
   456 | D:1      | Reached skill level 3 in Axes
   973 | D:2      | Found a sparkling altar of Nemelex Xobeh.
  1003 | D:2      | Reached XP level 4. HP: 34/40 MP: 3/3
  1206 | D:2      | Reached skill level 4 in Axes
  1653 | D:3      | Reached XP level 5. HP: 47/47 MP: 4/4
  1787 | D:3      | Found a glowing golden altar of the Shining One.
  2200 | D:3      | Found a blossoming altar of Fedhas.
  2324 | D:3      | Reached XP level 6. HP: 55/55 MP: 5/5
  2326 | D:3      | Reached skill level 5 in Shields
  2335 | D:4      | Noticed Sigmund
  2340 | D:4      | Reached skill level 5 in Axes
  2668 | D:4      | Killed Sigmund
  2668 | D:4      | Reached skill level 5 in Fighting
  2668 | D:4      | Reached skill level 5 in Armour
  2951 | D:4      | Found an ornate altar of the Wu Jian Council.
  3454 | D:4      | Found a shadowy altar of Dithmenos.
  3536 | D:4      | Reached XP level 7. HP: 61/61 MP: 6/6
  3604 | D:4      | Reached skill level 6 in Axes
  3775 | D:5      | Entered Level 5 of the Dungeon
  3934 | D:5      | Found an opulent altar of Gozag.
  4271 | D:5      | Found a stormy altar of Qazlal.
  4325 | D:5      | Reached skill level 7 in Axes
  4564 | D:5      | Found a shimmering altar of Xom.
  4629 | D:5      | Reached XP level 8. HP: 65/70 MP: 7/7
  4698 | D:5      | Found a hide-covered altar of Uskayaw.
  4698 | D:5      | Found a bloodstained altar of Trog.
  4707 | D:5      | Became a worshipper of Trog the Wrathful
  4970 | D:6      | Found a glowing drain.
  4989 | Sewer    | Entered a sewer
  5214 | Sewer    | Reached skill level 8 in Axes
  5392 | Sewer    | Reached * piety under Trog
  5733 | D:6      | Found a runed door.
  5734 | D:6      | Noticed Verendum's ghost (novice FoFi)
  6156 | D:6      | Reached skill level 9 in Axes
  6371 | D:6      | Slain by Verendum's ghost

Vault maps used:
D:1:      minmay_arrival_stone_box, minmay_tromino_mix6
D:2:      minmay_diamond_boxcup, nicolae_overflow_hidden_temple
D:3:      fedhas_altar_fruit_tree, tso_metal_star, first_ration
D:4:      kennysheep_mini_moat, grunt_dithmenos_smoke_and_mirrors, uniq_sigmund
D:5:      nicolae_qazlal_general_emergency, nicolae_gozag_seed_capital,
          amethyst_overflow_temple_binary, basic_altar
D:6:      cheibrodos_sewer_entry_bend, gammafunk_ghost_grave
Sewer:    sewer_co_tree

Skill      XL: |  1  2  3  4  5  6  7  8 |
---------------+-------------------------+-----
Shields        | 4 5 6 7 |  7.3
Fighting       | 4 5 6 7 |  7.2
Armour         | 4 5 6 7 |  7.3
Axes           | 3 4 5 7 9 |  9.1

Action                   |  1- 3 |  4- 6 |  7- 9 || total
-------------------------+-------+-------+-------++-------
Melee: War axe           |    81 |   149 |   256 ||   486
       Headbutt          |    11 |    22 |    39 ||    72
  Use: Scroll            |     4 |     1 |       ||     5
  Eat: Ration            |       |     3 |     2 ||     5
       Chunk             |       |     1 |       ||     1
Armor: Scale mail        |    25 |    43 |       ||    68
       Chain mail        |       |    33 |   100 ||   133
Dodge: Dodged            |    21 |    41 |    50 ||   112
Block: Shield            |    30 |    80 |   115 ||   225

Table legend:
 A = Spawn XP
 B = Non-spawn XP
 C = Spawn XP percentage of total XP
 D = Spawn monster count
 E = Non-spawn monster count
 F = Spawn count percentage of total count
 G = Total turns spent on level
                    A         B        C        D         E        F      G
               +---------+---------+-------+---------+---------+-------+---------
         Total |       0 |    2781 |   0.0 |       0 |     178 |   0.0 |  6371
               +---------+---------+-------+---------+---------+-------+---------
           D:1 |       0 |      59 |   0.0 |       0 |      29 |   0.0 |   820
           D:2 |       0 |     129 |   0.0 |       0 |      38 |   0.0 |   753
           D:3 |       0 |     209 |   0.0 |       0 |      29 |   0.0 |  1048
           D:4 |       0 |     468 |   0.0 |       0 |      18 |   0.0 |  1154
           D:5 |       0 |     751 |   0.0 |       0 |      22 |   0.0 |  1093
           D:6 |       0 |     425 |   0.0 |       0 |      14 |   0.0 |   917
         Sewer |       0 |     740 |   0.0 |       0 |      28 |   0.0 |   586
               +---------+---------+-------+---------+---------+-------+---------
